 Dungeon Sprint DCSS version 0.31-a0-879-g1609e0ac53 (webtiles) character file.

Game seed: 1670001549463842426

210 sircluck the Ruffian (level 5, -2/88 HPs)
             Began as a Troll Berserker on Oct 14, 2023.
             Was a Follower of Trog.
             Slain by a hellwing (8 damage)
             ... in the Dungeon (Sprint VII: "The Pits").
             The game lasted 00:00:10 (33 turns).

sircluck the Ruffian (Troll Berserker)                Turns: 33, Time: 00:00:11

Health: -2/88      AC:  4    Str: 27    XL:     5   Next: 57%
Magic:  4/4        EV: 11    Int:  3    God:    Trog [*.....]
Gold:   0          SH:  0    Dex:  9    Spells: 4/4 levels left

rFire   . .          .
                       - Unarmed
rCold   . . .        (no shield)
rNeg    . . .        a - +0 animal skin
rPois   .            (helmet restricted)
rElec   .            (no cloak)
rCorr   .            (gloves unavailable)
SInv    .            (boots unavailable)
Will    .....        (no amulet) Stlth
                     (no ring)
HPRegen 1.14/turn    (no ring)
MPRegen 0.09/turn

%: no teleportation
@: berserking (expiring), very quick
A: large, unfitting armour, claws 3, regeneration 1, shaggy fur 1, tough skin 1
a: Renounce Religion, Berserk


You were in the Dungeon.
You worshipped Trog.
Trog was aware of your devotion.
You visited 1 branch

Inventory:

Armour
 a - a +0 animal skin (worn)
Scrolls
 g - a scroll of blinking
Potions
 b - a potion of curing
 c - a potion of heal wounds
 d - a potion of haste
 e - 2 potions of magic
 f - a potion of berserk rage


   Skills:
 + Level 6.1 Fighting
 + Level 6.1 Dodging
 + Level 7.3 Unarmed Combat


You had 4 spell levels left.
You didn't know any spells.
Your spell library was empty.

Dungeon Overview and Level Annotations

Branches:
Dungeon (1/1)

Altars:


Innate Abilities, Weirdness & Mutations

You are too large for most types of armour.
You have claws for hands.
Your natural rate of healing is unusually fast.
You are covered in fur. (AC +1)
You have tough skin. (AC +1)


Message History

You scratch the guardian mummy.
The guardian mummy is lightly damaged.
The hellwing hits you!
* * * LOW HITPOINT WARNING * * *
The hellwing hits you.
* * * LOW HITPOINT WARNING * * *
You mangle the guardian mummy!!
The guardian mummy is heavily damaged.
The guardian mummy barely misses you.
You claw the guardian mummy!
The guardian mummy is severely damaged.
The hellwing closely misses you. The hellwing completely misses you.
You mangle the guardian mummy!!
You destroy the guardian mummy!
Trog accepts your kill.
You feel extremely nervous for a moment...
You are engulfed in negative energy!
You feel drained.
Your life force feels restored.
Your Fighting skill gained 4 levels and is now at level 6!
Your Dodging skill gained 4 levels and is now at level 6!
Your Unarmed Combat skill gained 4 levels and is now at level 7!
You have reached level 2!
You have reached level 3!
Your experience leads to an increase in your attributes!
Increase (S)trength, (I)ntelligence, or (D)exterity?
You feel stronger. x3
You have reached level 4!
You have reached level 5!
Unknown command.
Unknown command.
You closely miss the hellwing. The hellwing hits you!
* * * LOW HITPOINT WARNING * * *
The hellwing hits you.
* * * LOW HITPOINT WARNING * * *
You barely miss the hellwing. You claw the hellwing!
The hellwing is moderately wounded.
The hellwing hits you.
* * * LOW HITPOINT WARNING * * *
The hellwing hits you!
You die...

##########++######
#................#
#......#..#......#
#................+
+................+
#......#..#......#
#4@..............#
####'#####''######
#.......##''#
#.......##..4.
#.......##.....
#...<...##.....#
#.......##..M###
#.......##..##
#.......#


You could see a hellwing.

Vanquished Creatures
  A guardian mummy (D)
1 creature vanquished.

Notes
Turn   | Place    | Note
-------+----------+-------------------------------------------
     0 | D        | sircluck the Troll Berserker began the quest for the Orb.
     0 | D        | Reached XP level 1. HP: 22/22 MP: 0/0
    11 | D        | Noticed a hellwing
    11 | D        | Noticed a guardian mummy
    31 | D        | Killed a guardian mummy
    32 | D        | Reached skill level 7 in Unarmed Combat
    32 | D        | Reached XP level 2. HP: 10/36 MP: 1/1
    32 | D        | Reached XP level 3. HP: 12/44 MP: 2/2
    32 | D        | Reached XP level 4. HP: 14/52 MP: 3/3
    32 | D        | Reached XP level 5. HP: 16/59 MP: 4/4
    33 | D        | Slain by a hellwing

Illustrated notes

Levels and vault maps discovered:
D:        pitsprint [storerooms_1, entrance_room_1, metal_vault_4, armoury_3,
          mini_pit_1, grid_room_1, main_hall_1, silver_pit, the_coven_3,
          the_vestibule_1, steel_vault_4, golden_pit, hallway_of_sentries,
          crystal_vault_3, iron_vault_2, final_vault]

Skill      XL: |  1 |
---------------+----+-----
Fighting       | 6 |  6.1
Dodging        | 6 |  6.1
Unarmed Combat | 7 |  7.3

Action                     |  1- 3 |  4- 6 || total
---------------------------+-------+-------++-------
  Melee: Unarmed           |     6 |     2 ||     8
         Punch             |       |     1 ||     1
 Invoke: Berserk           |     1 |       ||     1
 Armour: Animal skin       |     5 |     4 ||     9
  Dodge: Dodged            |     5 |       ||     5

Table legend: (Time is in decaauts)
 A = Elapsed time spent in this place.
 B = Non-inter-level travel time spent in this place.
 C = Inter-level travel time spent in this place.
 D = Time resting spent in this place.
 E = Time spent auto-exploring this place.
 F = Levels seen in this place.
 G = Mean time per level.
                   A        B        C        D        E       F      G
               +--------+--------+--------+--------+--------+-----+--------+
         Total |     30 |     30 |      0 |      0 |     11 |   1 |   30.0 |
       Dungeon |     30 |     30 |      0 |      0 |     11 |   1 |   30.0 |
               +--------+--------+--------+--------+--------+-----+--------+

Top non-repeatable levels by time:
       D: 30 daAuts
